Map: [ESL] Oceanborn

Players

Cure - Winner!

  • Race: Terran Terran
  • Spawn Location: 5:00

Stats

  • Race: Protoss Protoss
  • Spawn Location: 11:00

Event: IEM Katowice 2024

VOD

Have the link to the VOD?

Description

Time

  • Played on: Feb. 10, 2024, 6:42 a.m.
  • Length: 4:01

All games in this series

Show
View Real Time Build Order
Export as new Build Order

Cure Terran - Winner!

Build Orders:  

Get SALT Encoding   

  12  0:00  SCV  
  13  0:12  SCV  
  14  0:17  Supply Depot  
  14  0:24  SCV  
  15  0:39  Barracks  
  15  0:42  Refinery  
  15  0:56  Barracks  
  15  0:59  SCV  
  17  1:11  SCV  
  17  1:25  Barracks Tech Lab  
  17  1:26  Orbital Command  
  17  1:35  Supply Depot  
  17  1:43  Barracks Tech Lab  
  17  1:44  Marauder  
  19  1:51  SCV  
  19  1:53  Concussive Shells  
  22  2:01  Marauder  
  22  2:03  SCV  
  23  2:10  Marauder  
  25  2:16  Supply Depot  
  27  2:23  Marauder  
  28  2:31  Marauder  
  28  2:34  Bunker  
  29  2:37  SCV  
  29  2:49  SCV  
  30  2:55  Marauder x2  
  32  3:01  SCV  
  33  3:13  SCV  
  33  3:17  Marauder  
  33  3:18  Marauder  
  38  3:21  Supply Depot  
  38  3:28  Barracks  
  38  3:29  SCV  
Show
View Real Time Build Order
Export as new Build Order

Stats Protoss 

Build Orders: 1 Gate Expand 

Get SALT Encoding   

  12  0:00  Probe  
  13  0:12  Probe  
  14  0:17  Pylon  
  14  0:24  Probe (Chrono Boost)  
  15  0:36  Probe (Chrono Boost)  
  15  0:37  Gateway  
  16  0:45  Assimilator, Probe (Chrono Boost)  
  17  0:51  Probe  
  18  1:03  Probe  
  19  1:15  Probe  
  20  1:23  Cybernetics Core  
  20  1:33  Nexus  
  20  1:36  Zealot  
  22  1:44  Pylon  
  22  1:47  Probe  
  23  1:54  Assimilator  
  23  2:02  Stalker (Chrono Boost), Probe  
  23  2:07  Warp Gate  
  26  2:14  Probe  
  27  2:23  Stalker (Chrono Boost)  
  27  2:26  Shield Battery, Probe  
  30  2:41  Shield Battery  
  30  2:44  Stalker (Chrono Boost)  
  29  2:59  Shield Battery  
  29  3:07  Stalker  
  28  3:27  Gateway x2  
  27  3:35  Robotics Facility  
  23  3:43  Probe x2  
  21  3:57  Stalker  

Tags
 
Add a new tag
Caveats
  • Supply blocks, unpowered buildings, or Contaminate may cause inaccurate times.
  • Supply counts are checked every 10 seconds.